Cogmind - Beta 10.2 *** ADVENTURER MODE // 2021.03.07 @ 19:10:08 Player: Mister Man Result: Destroyed by as-15369 with Assembled Blade Performance ------------- Evolutions (1) 500 Regions Visited (4) 800 Robots Destroyed (49) 245 Value Destroyed (994) 994 Prototype IDs (3) 60 Alien Tech Used (0) 0 Bonus (28) 28 TOTAL SCORE: 2627 Bonus ------- High Alert Combat Kills 28 Cogmind --------- Core Integrity 0/400 Matter 287/300 Energy 100/100 System Corruption 1% Temperature Cool (0) Movement Core (50) Location -9/Mines Parts ------- > --- POWER (1) -------- (None) > --- PROPULSION (2) --- (None) > --- UTILITY (3) ------ Advanced Visual Processing Unit Improved Targeting Computer > --- WEAPON (3) ------- (None) > --- INVENTORY (4) ---- Small Storage Unit Peak State ------------ > --- POWER ------------ Light Nuclear Core > --- PROPULSION ------- Armored Wheel Armored Wheel > --- UTILITY ---------- Advanced Visual Processing Unit Experimental Sensor Array Propulsion Shielding > --- WEAPON ----------- Small Laser Particle Cannon Katana > --- INVENTORY -------- Small Storage Unit Mining Laser [Rating: 23] Favorites ----------- Power Ion Engine Engine Ion Engine Power Core Light Nuclear Core Propulsion Armored Wheel Leg Aluminum Leg Wheel Armored Wheel Utility Experimental Sensor Array Device Experimental Sensor Array Storage Small Storage Unit Processor Visual Processing Unit Protection Propulsion Shielding Weapon Assault Rifle Energy Gun Small Laser Energy Cannon Particle Cannon Ballistic Gun Assault Rifle Launcher Grenade Launcher Special Weapon Mining Laser Slashing Weapon Katana Build | -11 -10 -10 -9 -9 ------- Run | Scr Mat Min Mat Min Slots Evolved 2 | . . . 2 . Power . | . . . . . Propulsion . | . . . . . Utility 1 | . . . 1 . Weapon 1 | . . . 1 . Parts Attached 33 | 8 11 4 10 . Power 4 | 1 1 . 2 . Engine 3 | 1 . . 2 . Core 1 | . 1 . . . Reactor . | . . . . . Propulsion 7 | 2 2 . 3 . Treads . | . . . . . Leg 4 | 2 . . 2 . Wheel 3 | . 2 . 1 . Hover . | . . . . . Flight . | . . . . . Utility 9 | 2 3 2 2 . Device 1 | . . 1 . . Storage 1 | 1 . . . . Processor 5 | 1 2 1 1 . Hackware . | . . . . . Protection 2 | . 1 . 1 . Artifact . | . . . . . Weapon 13 | 3 5 2 3 . Energy Gun 4 | . 3 . 1 . Energy Cannon 1 | . . . 1 . Ballistic Gun 5 | 2 2 . 1 . Ballistic Cannon . | . . . . . Launcher 1 | . . 1 . . Special Weapon 1 | 1 . . . . Impact Weapon . | . . . . . Slashing Weapon 1 | . . 1 . . Piercing Weapon . | . . . . . Special Melee Weapon . | . . . . . Unidentified Prototypes 1 | . . 1 . . Parts Lost 13 | . 1 . 5 7 Power 2 | . . . 1 1 Propulsion 4 | . . . 2 2 Utility 1 | . . . . 1 Weapon 6 | . 1 . 2 3 Highest Loss Streak 7 | . 1 . 1 7 Average Slot Usage (%) 95 | . 99 99 85 80 Engine 7 | . 11 . 8 8 Core 5 | . 2 14 2 . Leg 1 | . . . 1 19 Wheel 22 | . 27 28 13 . Device 7 | . . 12 11 5 Storage 2 | . 5 . . . Processor 13 | . 14 14 12 22 Protection 6 | . 8 1 9 . Energy Gun 5 | . 11 . 3 . Energy Cannon 3 | . . . 9 5 Ballistic Gun 10 | . 12 17 2 8 Launcher 2 | . . 7 . . Special Weapon 1 | . 4 . . . Slashing Weapon 4 | . . 2 11 11 Naked Turns . | . . . . . Heaviest Build 18 | 12 14 11 18 17 Greatest Support 24 | 20 24 24 24 20 Greatest Overweight (x) 5 | 3 . . 5 . Average Overweight (x) . | . . . . . Largest Inventory Capacity 6 | 6 6 4 4 4 Average Capacity 4 | 5 4 4 4 4 Most Carried 4 | 1 4 4 4 1 Average Carried 2 | . 3 3 2 1 Final Capacity 6 | 6 4 4 4 4 Final Carried 4 | 1 3 4 1 1 Class Distribution -------------------- 100% | Mutant Dominant Class ---------------- Mutant | -10/Materials Mutant | -10/Mines Mutant | -9/Materials Mutant | -9/Mines Resources | -11 -10 -10 -9 -9 ----------- Run | Scr Mat Min Mat Min Matter Collected 742 | 300 187 122 133 . Remotely . | . . . . . Salvage Created 1429 | 71 509 153 671 25 Parts 103 | 5 45 10 43 . Haulers Intercepted . | . . . . . Recyclers Shooed 1 | 1 . . . . Parts Field Recycled . | . . . . . Retrieved Matter . | . . . . . Parts Self-Destructed . | . . . . . Prevented . | . . . . . Kills | -11 -10 -10 -9 -9 ------- Run | Scr Mat Min Mat Min Combat Hostiles Destroyed 36 | . 12 5 17 2 Melee 1 | . . . . 1 Guns 19 | . 11 4 3 1 Cannons 14 | . . . 14 . AOE 2 | . 1 1 . . Classes Destroyed 10 | 2 5 . 2 1 Worker 3 | . 1 1 1 . Builder 2 | . 1 . 1 . Tunneler 2 | 1 1 . . . Recycler 3 | 1 1 . 1 . Watcher 5 | . 3 . 2 . Swarmer 16 | . 6 3 7 . Grunt 14 | . 6 2 6 . Brawler 1 | . . . 1 . Sentry 3 | . . . 3 . Assembled 2 | . . . . 2 Best Kill Streak 8 | 2 5 3 8 2 Combat Bots Only 6 | . 3 3 6 2 Max Kills in Single Turn 3 | 1 3 2 1 1 Gunslinging . | . . . . . Exploded 1 | . 1 1 . . Melee 1 | . . . . 1 Uniques/NPCs Destroyed . | . . . . . Combat | -11 -10 -10 -9 -9 -------- Run | Scr Mat Min Mat Min Damage Taken 1643 | . 315 208 450 670 Core 511 | . 90 10 152 259 Absorbed by Shields . | . . . . . Core Remaining (%) 80 | 100 . 60 . . Volleys Fired 141 | 9 42 25 57 8 Largest 2 | 2 2 2 2 2 Hottest 145 | 100 145 50 108 91 Shots Fired 207 | 14 75 31 78 9 Gun 143 | 10 72 29 24 8 Cannon 53 | . . . 52 1 Launcher 4 | . . 2 2 . Special 7 | 4 3 . . . Kinetic 97 | 10 43 29 7 8 Thermal 81 | 4 7 . 69 1 Explosive 4 | . . 2 2 . Electromagnetic 25 | . 25 . . . Robot Hit Streak 18 | 6 10 9 18 7 Robot Miss Streak 4 | 1 4 2 2 1 Penetration Max . | . . . . . Secondary Targets 3 | . 2 1 . . Max Gunslinging Chain 1 | . 1 1 . . Shots Hit Robots 152 | 7 49 20 68 8 Core Hits 77 | 4 26 12 29 6 Critical Hits 2 | . 1 . 1 . Critical Kills 2 | . 1 . 1 . Critical Parts Destroyed . | . . . . . Melee Attacks 7 | . . . 5 2 Impact . | . . . . . Slashing 7 | . . . 5 2 Piercing . | . . . . . Sneak Attacks 2 | . . . 2 . Combat Hostiles . | . . . . . Follow-up Attacks . | . . . . . Damage Inflicted 2613 | 88 711 283 1367 164 Guns 1257 | 88 621 194 233 121 Cannons 819 | . . . 819 . Explosions 204 | . 66 89 49 . Melee 308 | . . . 266 42 Ramming 1 | . . . . 1 Kinetic 789 | 88 296 194 90 121 Thermal 1073 | . 111 . 962 . Explosive 138 | . . 89 49 . Electromagnetic 304 | . 304 . . . Impact . | . . . . . Slashing 308 | . . . 266 42 Piercing . | . . . . . Highest Corruption 1 | . . . . 1 Average Corruption 1 | . . . . 1 Corruption Purged . | . . . . . Overload Shots . | . . . . . Overflow Damage 125 | . . . 125 . Projectiles 1 | . . . 1 . Explosions 23 | . . . 23 . Melee 101 | . . . 101 . Knockbacks . | . . . . . Impact . | . . . . . Kinetic . | . . . . . Secondary . | . . . . . Self-Inflicted Damage 31 | . . . 31 . Shots 1 | . . . 1 . Rammed 1 | . . . . 1 Targets Rammed 1 | . . . . 1 Kicked . | . . . . . Crushed . | . . . . . Highest Temperature 292 | 62 89 34 292 24 Average Temperature 55 | 26 19 8 85 13 Received Heat Transfer 396 | . 111 132 153 . Effects 1 | . . . 1 . Energy Bleed 1 | . . . 1 . Siege Activations . | . . . . . Robots Corrupted . | . . . . . Combat Hostiles . | . . . . . Parts Fried 2 | . 2 . . . Impact Corruptions . | . . . . . Robots Melted . | . . . . . Combat Hostiles . | . . . . . Parts Melted 2 | . . . 2 . Heat Transferred 1905 | . 100 . 1805 . Parts Sabotaged . | . . . . . Parts Stolen . | . . . . . Parts Stripped . | . . . . . Power Chain Reactions 1 | . 1 . . . Missiles Intercepted . | . . . . . Alert | -11 -10 -10 -9 -9 ------- Run | Scr Mat Min Mat Min Peak Influence 504 | 10 260 225 504 113 Initial 113 | . . 85 7 113 Average 125 | 7 109 157 236 94 Maximum Alert Level 2 | . 1 1 2 . Low Security (%) 76 | 100 91 73 35 100 Level 1 19 | . 8 26 48 . Level 2 3 | . . . 15 . Level 3 . | . . . . . Level 4 . | . . . . . Level 5 . | . . . . . High Security . | . . . . . Max Security . | . . . . . Squads Dispatched 5 | . 1 1 3 . Investigation 2 | . 1 1 . . Extermination . | . . . . . Reinforcement 3 | . . . 3 . Assault . | . . . . . Garrison . | . . . . . Intercept . | . . . . . Construction Impeded 1 | . . . 1 . Haulers Reinforced . | . . . . . Stealth | -11 -10 -10 -9 -9 --------- Run | Scr Mat Min Mat Min Distress Signals 2 | . 1 . 1 . Communications Jammed . | . . . . . Distress Signals . | . . . . . Times Spotted 61 | . 17 5 24 15 Peak Tracking Total 13 | . 3 2 5 13 Tactical Retreats 3 | . 1 1 1 . Traps | -11 -10 -10 -9 -9 ------- Run | Scr Mat Min Mat Min Traps Triggered . | . . . . . Indirectly . | . . . . . Trap Hack Attempts . | . . . . . Triggered . | . . . . . Disarmed . | . . . . . Reprogrammed . | . . . . . Reused . | . . . . . Traps Extracted . | . . . . . Installed . | . . . . . Triggered . | . . . . . Machines | -11 -10 -10 -9 -9 ---------- Run | Scr Mat Min Mat Min Machines Disabled 1 | . . . 1 . Max in Single Turn 1 | . . . 1 . Machines Sabotaged . | . . . . . Garrisons Compromised . | . . . . . Overloaded Fab Kills . | . . . . . Fab Network Shutdowns . | . . . . . Hacking | -11 -10 -10 -9 -9 --------- Run | Scr Mat Min Mat Min Machines Accessed 8 | . 4 1 3 . Terminals 6 | . 4 . 2 . Fabricators . | . . . . . Repair Stations . | . . . . . Recycling Units 1 | . . . 1 . Scanalyzers . | . . . . . Garrison Access . | . . . . . Total Hacks 11 | . 6 1 4 . Successful 10 | . 5 1 4 . Failed 1 | . 1 . . . Catastrophic . | . . . . . Database Lockouts . | . . . . . Manual . | . . . . . Terminals 9 | . 6 . 3 . Fabricators . | . . . . . Repair Stations . | . . . . . Recycling Units 1 | . . . 1 . Scanalyzers . | . . . . . Garrison Access . | . . . . . Terminal Hacks 9 | . 5 1 3 . Record 5 | . 3 . 2 . Prototype ID Bank 1 | . 1 . . . Open Door 1 | . . 1 . . Maintenance Status 1 | . 1 . . . Recall Investigation 1 | . . . 1 . Fabricator Hacks . | . . . . . Repair Station Hacks . | . . . . . Recycling Unit Hacks 1 | . . . 1 . Report Inventory 1 | . . . 1 . Scanalyzer . | . . . . . Garrison Access Hacks . | . . . . . Unauthorized Hacks . | . . . . . Terminals . | . . . . . Fabricators . | . . . . . Repair Stations . | . . . . . Recycling Units . | . . . . . Scanalyzers . | . . . . . Garrison Access . | . . . . . Data Cores Recovered . | . . . . . Used . | . . . . . Hacking Detections 5 | . 3 . 2 . Full Trace Events . | . . . . . Feedback Events . | . . . . . Feedback Blocked . | . . . . . Robot Schematics Acquired . | . . . . . Robots Built . | . . . . . Matter . | . . . . . Time . | . . . . . Total Robot Build Rating . | . . . . . Part Schematics Acquired . | . . . . . Parts Built . | . . . . . Matter . | . . . . . Time . | . . . . . Total Part Build Rating . | . . . . . Parts Repaired . | . . . . . Time . | . . . . . Parts Recycled . | . . . . . Recycled Matter . | . . . . . Retrieved Matter . | . . . . . Retrieved Components . | . . . . . Parts Scanalyzed . | . . . . . Part Schematics Acquired . | . . . . . Parts Damaged . | . . . . . Bothacking | -11 -10 -10 -9 -9 ------------ Run | Scr Mat Min Mat Min Used RIF Installer . | . . . . . Robots Hacked . | . . . . . Non-combat . | . . . . . Combat . | . . . . . Robot Hacks Applied . | . . . . . Relay Couplers Released . | . . . . . Robots Rewired . | . . . . . Allies Hacked . | . . . . . Hacks Repelled . | . . . . . Allies | -11 -10 -10 -9 -9 -------- Run | Scr Mat Min Mat Min Total Allies . | . . . . . Largest Group . | . . . . . Highest-Rated Group . | . . . . . Highest-Rated Ally . | . . . . . Total Orders . | . . . . . Ally Attacks . | . . . . . Total Damage . | . . . . . Kills . | . . . . . Allies Corrupted . | . . . . . Allies Melted . | . . . . . Intel | -11 -10 -10 -9 -9 ------- Run | Scr Mat Min Mat Min Robot Analysis Total . | . . . . . Derelict Logs Recovered 1 | . . 1 . . Drone Launches . | . . . . . Drone Recoveries . | . . . . . Exploration | -11 -10 -10 -9 -9 ------------- Run | Scr Mat Min Mat Min Turns Passed 2064 | 477 620 444 484 39 Spaces Moved 1288 | 182 425 426 242 13 Core 27 | 21 . . 6 . Treads . | . . . . . Legs 201 | 161 4 . 23 13 Wheels 1060 | . 421 426 213 . Hover . | . . . . . Flight . | . . . . . Fastest Speed 50 | 50 90 90 85 120 Average Speed 95 | 116 90 90 99 120 Slowest Speed 300 | 200 120 90 300 120 Overloaded Moves . | . . . . . Propulsion Burnouts . | . . . . . Robots Hopped . | . . . . . Cave-ins Triggered . | . . . . . Exploration Rate (%) 38 | 14 66 79 25 9 Regions Visited 4 Branch Regions 2 Pre-discovered Areas . | . . . . . Known Exits Taken 1 | . . . 1 . Unknown Exits Taken 3 | 1 1 1 . . Scrap Searched 1 | . . 1 . . Spaces Dug 4 | 4 . . . . Terrain Destroyed 40 | 4 6 18 12 . Melee . | . . . . . Projectile 4 | 4 . . . . AOE 36 | . 6 18 12 . Terrain Rammed . | . . . . . Walls Destroyed . | . . . . . Machines Disabled . | . . . . . Actions | -11 -10 -10 -9 -9 --------- Run | Scr Mat Min Mat Min Total 1890 | 424 580 459 403 24 Wait 384 | 218 90 2 74 . Move 1284 | 181 424 425 241 13 Hop . | . . . . . Pick Up 26 | 8 7 1 10 . Fast Attach 3 | . 1 2 . . Attach 20 | 7 3 . 10 . Detach 1 | . 1 . . . Swap 10 | 1 7 2 . . Drop 13 | . 5 2 6 . Fire 141 | 9 42 25 57 8 Melee 7 | . . . 5 2 Ram 1 | . . . . 1 Kick . | . . . . . Crush . | . . . . . Escape Stasis . | . . . . . Rewire . | . . . . . Trap . | . . . . . Miscellaneous . | . . . . . Route ------- -11/Scrapyard -10/Materials (discovered 3 exits: *Mat x2 / *Min) -10/Mines (discovered 2 exits: *Mat x2) -9/Materials -9/Mines History --------- Turn | Location | Event 3 | -11/Scrapyard | Discovered new exit (range 15) 478 | -11/Scrapyard | Entered Materials 479 | -10/Materials | Build established: Mutant 872 | -10/Materials | Discovered new exit (range 7) 945 | -10/Materials | Discovered new exit (range 12) 1014 | -10/Materials | Discovered new exit (range 17) 1098 | -10/Materials | Entered Mines 1130 | -10/Mines | Met a Derelict bent on vengeance 1132 | -10/Mines | Found a damaged Exp. Sensor Array with a note attached 1134 | -10/Mines | Found Prototype Device 1135 | -10/Mines | Identified Exp. Sensor Array 1147 | -10/Mines | Discovered new exit (range 5) 1223 | -10/Mines | Learned 2 Materials zone layouts 1256 | -10/Mines | Discovered new exit (range 7) 1463 | -10/Mines | Met a Derelict shopkeep closing up shop 1542 | -10/Mines | Entered Materials 1542 | -9/Materials | Evolved 2 slots: Utility x1, Weapon x1 1543 | -9/Materials | Identified exit to Mines 2026 | -9/Materials | Entered Mines 2027 | -9/Mines | Assembled infested the area 2060 | -9/Mines | Core integrity fell below 50% 2063 | -9/Mines | Core integrity fell below 20% 2065 | -9/Mines | Destroyed by as-15369 with Assembled Blade Last Messages --------------- LOCATION=MINES GOAL=ESCAPE Something is scanning the area. ALERT: Infestation in the mines, dispatching Demolisher response squad. K-01 Serf collects debris. K-01 Serf cleans the Laser Drill. K-01 Serf destroyed. K-01 Serf collects debris. K-01 Serf destroyed. Exp. Sensor Array destroyed. Particle Cannon destroyed. as-37621 destroyed. Shotgun destroyed. Imp. Ion Engine destroyed. Aluminum Leg destroyed. as-75345 destroyed. Katana destroyed. System corrupted by crushing effect (+1). Slammed into as-19932. [Achievement: First Step to Greatness] Map ----- +----------------------------------------------------+ | ???????????????????????????????? | | ???????????????????????????????? | | ???????????????????????????????? | | ???????????????????????????????? | | ???????????????????????????????? | | ???????????????????????????????? | | ???????????????????????????????? | | ???????????????????????????????? | | ???????????????????????????????? | | ?????############??????????????? | | ?????# ???????????????? | | ?????# """ """ #?????????????? | | ?????# """ """ #?????????????? | | ?????# """ """ #?????????????? | | ?????# #?????????????? | | ?????# """ """ #?????????????? | | ?????# """ """ #?????????????? | | ?????# """ """ #?????????????? | | ?????# a #?????????????? | | ?????# """ """ #?????????????? | | ?????# a """ """%#?????????????? | | ?????# """ """ #?????????????? | | ?????# a =a* #?????????????? | | ?????# aa""" """ ????? | | ?????#aaa""" """ ???????? | | ?????# @a""" """ # ????????????? | | ?????#a a #?????????????? | | ?????#############?????????????? | | ???????????????????????????????? | | ???????????????????????????????? | | ???????????????????????????????? | | ???????????????????????????????? | | ???????????????????????????????? | | ???????????????????????????????? | | ???????????????????????????????? | | ???????????????????????????????? | | ???????????????????????????????? | | ???????????????????????????????? | | ???????????????????????????????? | | ???????????????????????????????? | | ???????????????????????????????? | | | | | | | | | | | | | | | | | | | +----------------------------------------------------+ Best States ------------- Heat Dissipation 28 Energy Generation 14 Energy Capacity 265 Matter Stores 300 Matter Capacity 300 Sight Range 20 Robot Scan Range 30 Terrain Scan Density 60 Resistance: KI 20 Resistance: TH 20 Resistance: EX 20 Resistance: EM 20 Resistance: I 20 Resistance: S 20 Resistance: P 20 Propulsion Shielding 33 Evasion (%) 43 Targeting Accuracy 6 Offensive Hacking 10 Item Schematics ----------------- None Robot Schematics ------------------ None Fabricated ------------ Nothing Alien Tech Used ----------------- None Achievements -------------- First Step to Greatness Risk Taker Challenges ------------ None Game ------ Seed ElectronCloakInterrupter Manual? 0 Play Time 00:53:27 Cumulative 2.8 hours Start 2021.03.07 @ 17:33:37 End 2021.03.07 @ 19:10:08 Sessions 3 Manual Loads 0 Difficulty Adventurer Special Mode None Game No. 2 Rogue 0 Adventurer 2 Explorer 0 Win Type - Total 0 Types 0/0/0/0/0/0/0/0/0 Lore% 3 Gallery% 4 Achievement% 4 Wizard Run 0 Options --------- ASCII 0 Keyboard 0 Movement Mouse Keybinds 0 Fullscreen 1 Font 18/X11 Map View 76x50 Tactical HUD 0 Map Filters NONE Filters NONE Steam 1 RUN: 229d3521-aed6-42d6-a04d-04cc79fcc3ed